 Dungeon Crawl Stone Soup version 0.31.0-32-g396128a36d (webtiles) character file.

Game seed: 7909242866847451494

34982 hawla the Tortoise (level 13, -6/118 (142) HPs)
             Began as a Minotaur Fighter on Mar 9, 2024.
             Was a Follower of Yredelemnul.
             Mangled by a hellwing (9 damage)
             ... summoned by an orc high priest
             ... on level 2 of the Orcish Mines.
             The game lasted 00:40:12 (13022 turns).

hawla the Tortoise (Minotaur Fighter)              Turns: 13022, Time: 00:40:13

HP:   -6/118 (142)  AC: 26    Str: 21    XL:     13   Next: 45%
MP:   23/23         EV:  2    Int:  7    God:    Yredelemnul [*.....]
Gold: 2649          SH:  6    Dex: 21    Spells: 12/12 levels left

rFire   + . .        L - +6 demon blade of Laceration {flame, rElec rF+ rCorr Int+2}
rCold   . . .        c - +0 buckler
rNeg    . . .        o - melded +5 plate armour {Will+}
rPois   +            a - melded +0 hat
rElec   +            N - melded +1 cloak "Huzirgh" {Will+}
rCorr   +            f - melded +2 pair of gloves
SInv    .            M - melded +2 pair of boots {Fly}
Will    .....        v - amulet of regeneration
Stlth   ++           D - ring of poison resistance
HPRegen 1.19/turn    H - +6 ring of dexterity
MPRegen 0.18/turn

%: no passive effects
@: mighty, tree-form, heavily drained
A: stationary, stasis, torment immunity, boosted hp, (horns 2), (retaliatory
headbutt)
a: Renounce Religion, Recall Undead Harvest


You were on level 2 of the Orcish Mines.
You worshipped Yredelemnul.
Yredelemnul was pleased with you.
You were a tree.
You visited 3 branches of the dungeon, and saw 17 of its levels.
You also visited: Bailey.

You collected 3123 gold pieces.
You spent 474 gold pieces at shops.

Inventory:

Hand Weapons
 p - the +9 triple sword "Qiun" {speed, rF- Str+2 Int+4}
   (You found it in a bailey)

   Str+2:     It affects your strength (+2).
   Int+4:     It affects your intelligence (+4).
   rF-:       It makes you vulnerable to fire.
 q - a +8 dagger of flaming
 L - the +6 demon blade of Laceration (weapon) {flame, rElec rF+ rCorr Int+2}
   (You acquired it on level 9 of the Dungeon)

   Int+2:     It affects your intelligence (+2).
   rF+:       It protects you from fire.
   rElec:     It insulates you from electricity.
   rCorr:     It protects you from acid and corrosion.
Missiles
 e - 24 poisoned darts (quivered)
 u - 2 throwing nets
 K - 4 atropa-tipped darts
Armour
 a - a +0 hat (melded)
 c - a +0 buckler (worn)
 f - a +2 pair of gloves (melded)
 o - a +5 plate armour of willpower (melded)
 r - a +2 cloak of stealth
 M - a +2 pair of boots of flying (melded)
 N - the +1 cloak "Huzirgh" (melded) {Will+}
   (You bought it in a shop on level 10 of the Dungeon)

   Will+:     It increases your willpower.
Jewellery
 m - a +5 ring of evasion
 v - an amulet of regeneration (around neck)
 w - a +6 ring of strength
 B - a +6 ring of intelligence
 D - a ring of poison resistance (left branch)
 H - a +6 ring of dexterity (right branch)
Wands
 t - a wand of flame (28)
 y - a wand of iceblast (5)
 C - a wand of mindburst (9)
Scrolls
 b - 2 scrolls of identify
 k - 2 scrolls of silence
 n - a scroll of revelation
 s - 3 scrolls of blinking
 E - a scroll of poison
 G - a scroll of noise
 I - a scroll of vulnerability
 Q - a scroll of fog
Potions
 d - 3 potions of might
 g - 2 potions of mutation
 h - 2 potions of curing
 i - a potion of lignification
 l - a potion of cancellation
 z - 2 potions of ambrosia {unknown}
 A - a potion of enlightenment {unknown}
 J - 2 potions of attraction {unknown}
 O - a potion of magic {unknown}
 P - 2 potions of haste {unknown}
 S - a potion of resistance {unknown}


   Skills:
 - Level 3.6 Fighting
 - Level 9.8(12.1) Short Blades
 - Level 12.3(14.0) Long Blades
 - Level 6.0 Throwing
 + Level 15.2 Armour
 - Level 3.0 Dodging
 - Level 5.0 Shields
 - Level 15.0 Invocations
 - Level 2.0 Evocations


You had 12 spell levels left.
You didn't know any spells.
Your spell library was empty.

Dungeon Overview and Level Annotations

Branches:
Dungeon (14/15)            Temple (1/1) D:6            Lair (0/5) D:9
    Orc (2/2) D:12         Vaults (0/5) D:14         Bailey (visited)
    Elf: Orc:2

Altars:
Ashenzari
Cheibriados
Dithmenos
Elyvilon
Fedhas
Gozag
Hepliaklqana
Kikubaaqudgha
Makhleb
Nemelex Xobeh
Okawaru
Qazlal
Ru
Sif Muna
Trog
Uskayaw
Vehumet
Wu Jian
Xom
Yredelemnul
Zin
The Shining One

Shops:
D:8 :   D:10 [

Annotations:
Temple 2 transporters
Abyss:1 Sigmund


Innate Abilities, Weirdness & Mutations

You are a tree.
Your roots penetrate the ground, keeping you stationary.
You cannot be teleported.
You are immune to unholy pain and torment.
Your maximum health is greatly increased.
Your equipment is partially melded.
((You have a pair of horns on your head.))
((You reflexively headbutt those who attack you in melee.))


Message History

The iceblast engulfs the orc sorcerer!
The orc sorcerer is heavily wounded.
The iceblast engulfs the orc warrior.
The orc warrior is lightly wounded.
The iceblast engulfs the orc priest.
The orc priest is heavily wounded.
The iceblast engulfs the orc wizard!
The orc wizard is heavily wounded.
You hear a shout! x8
Your bound death knight hits the soul eater with a +3 morningstar!!
The orc warrior hits you but does no damage.
The orc high priest hits you but does no damage.
The hellwing hits you but does no damage. x2
The soul eater hits you but does no damage.
Your orc wizard zombie hits the orc sorcerer but does no damage.
You feel better.
The orc wizard hits you but does no damage.
Your bound death knight misses the soul eater.
The orc warrior hits you but does no damage.
The orc sorcerer gestures at you while chanting.
The bolt of negative energy hits you!
You feel drained.
* * * LOW HITPOINT WARNING * * *
The bolt of negative energy hits your bound death knight.
Your bound death knight completely resists.
The orc priest closely misses your orc wizard zombie.
You block the orc high priest's attack.
The hellwing hits you but does no damage. x2
You block the soul eater's attack.
Your orc wizard zombie hits the orc sorcerer but does no damage.
You barely miss the orc sorcerer.
The orc sorcerer is moderately wounded.
Your bound death knight hits the soul eater with a +3 morningstar!!
The orc high priest hits you from afar with a +1 trident of protection.
* * * LOW HITPOINT WARNING * * *
The orc priest hits your orc wizard zombie with a +0 falchion.
The orc warrior hits you from afar with a +0 halberd!
* * * LOW HITPOINT WARNING * * *
The hellwing hits you!
You die...
Your body rises from the dead as a mindless zombie.

#....#### ###.####.# ..#
##.#.#.#..# ..# # #.......#.# ..#
. ####...#..#.# ..###..
.##....#....#####.......
............##..ooo.....
.##.........##.Z)oo4....
............##.o♣3o#
.......#....##.4Z..# .o.......#
............######## .oooo....#
....#.......# oo.3o....#
............# .o......
#.).........############.o.{.####
.......................Z.oo......
#.#...)...............Zoooo.3....
##....).)...<...........§§o§o#...


You could see a soul eater (summoned), an orc high priest, an orange demon
(summoned), a hellwing (summoned), an orc sorcerer (ally target), an orc
warrior, 2 orc priests, an orc wizard, an orc, a friendly bound death knight
(reflects damage) and a friendly orc wizard zombie.

Vanquished Creatures
  Nessos (Orc:2)
  Erolcha (D:9)
  2 boulder beetles
  4 two-headed ogres (D:14)
  2 centaur warriors
  An arcanist (D:13)
  Pikel (D:7)
  An orc knight (D:14)
  A lindwurm (D:10)
  A deep elf pyromancer (D:12)
  4 ugly things
  A deep elf zephyrmancer (D:14)
  An orc sorcerer (Orc:2)
  5 cyclopes
  3 meliai (D:13)
  Maggie (D:9)
  Jeremiah (D:6)
  6 trolls
  3 wraiths
  A jumping spider (D:10)
  3 shadows (D:12)
  3 slime creatures (D:12)
  3 wyverns
  30 yaks
  A warg (Orc:2)
  A steam dragon (D:9)
  6 vampire mosquitoes (D:11)
  2 basilisks
  2 redbacks (D:10)
  5 acid dragons
  2 water moccasins
  11 orc warriors
  A black bear (D:5)
  3 ogres
  2 laughing skulls (D:14)
  13 centaurs
  The ghost of Tripartite the Shield-Bearer, an amateur FoFi of Elyvilon (D:6)
  2 phantoms
  4 bullfrogs
  2 gnoll sergeants
  3 scorpions
  A wight (D:9)
  A troll zombie (D:12)
  11 killer bees
  8 howler monkeys
  A hound (D:5)
  2 bombardier beetles
  2 jellies
  Crazy Yiuf (D:3)
  5 orc priests
  A sleepcap (D:7)
  Terence (D:2)
  14 orc wizards
  6 iguanas
  5 ogre zombies (D:12)
  Robin (D:3)
  17 gnolls
  6 adders
  2 white imps
  A ribbon worm (D:3)
  73 orcs
  6 ball pythons
  4 endoplasms
  3 giant cockroaches
  12 goblins
  6 hobgoblins
  3 quokkas
  6 bats
  11 frilled lizards
  3 gnoll skeletons (D:12)
  7 kobolds
  9 orc zombies (D:12)
  8 rats
378 creatures vanquished.

Vanquished Creatures (collateral kills)
  A manticore (D:13)
  Maurice (D:7)
  A troll (Orc:2)
  A wyvern (D:9)
  Menkaure (D:7)
  An acid dragon (D:12)
  An orc warrior (Bailey)
  A boggart (D:9)
  A bullfrog (D:9)
  A killer bee (D:9)
  2 lava snakes (D:10)
  An orc priest (Orc:2)
  4 orc wizards (Orc:2)
  A gnoll (D:9)
  8 orcs
  A gnoll zombie (D:12)
  A goblin (D:9)
  A gnoll skeleton (D:12)
  5 orc zombies (D:12)
34 creatures vanquished.

Vanquished Creatures (others)
  An arcanist (D:8)
  A water moccasin (D:9)
  A centaur (Bailey)
  A warg zombie (Orc:2)
  3 yak zombies
  A troll zombie (Orc:2)
  4 centaur zombies (Bailey)
  A basilisk zombie (D:9)
  An ogre zombie (D:9)
  An acid dragon zombie (D:12)
  A howler monkey zombie (D:10)
  A gnoll (D:9)
  3 gnoll zombies
  An orc (Bailey)
  2 kobold zombies (D:10)
  31 orc zombies
54 creatures vanquished.

Grand Total: 466 creatures vanquished

Notes
Turn   | Place    | Note
-------+----------+-------------------------------------------
     0 | D:1      | hawla the Minotaur Fighter began the quest for the Orb.
     0 | D:1      | Reached XP level 1. HP: 19/19 MP: 0/0
    57 | D:1      | Reached skill level 1 in Dodging
   123 | D:1      | Reached XP level 2. HP: 26/26 MP: 1/1
  1181 | D:2      | Found a faded altar of an unknown god.
  1215 | D:2      | Reached XP level 3. HP: 31/31 MP: 2/2
  1771 | D:2      | Noticed Terence
  1789 | D:2      | Killed Terence
  1790 | D:2      | Reached XP level 4. HP: 36/39 MP: 3/3
  1979 | D:3      | Found a broken altar of Ashenzari.
  1984 | D:3      | Reached skill level 5 in Shields
  1998 | D:3      | Reached skill level 1 in Throwing
  2112 | D:3      | Found a runed translucent door.
  2120 | D:3      | Noticed Crazy Yiuf
  2138 | D:3      | Reached XP level 5. HP: 35/45 MP: 4/4
  2279 | D:3      | Noticed Robin
  2294 | D:3      | Killed Robin
  2438 | D:3      | Found a snail-covered altar of Cheibriados.
  2624 | D:3      | Killed Crazy Yiuf
  2676 | D:4      | Found a stormy altar of Qazlal.
  2707 | D:4      | Reached XP level 6. HP: 48/51 MP: 5/5
  2745 | D:4      | Found a glowing silver altar of Zin.
  2807 | D:4      | Reached skill level 5 in Throwing
  3092 | D:4      | Reached skill level 1 in Evocations
  3092 | D:4      | Reached XP level 7. HP: 57/57 MP: 6/6
  3156 | D:4      | Reached skill level 1 in Short Blades
  3244 | D:5      | Entered Level 5 of the Dungeon
  3382 | D:5      | Found a white marble altar of Elyvilon.
  3527 | D:5      | Reached skill level 5 in Short Blades
  3527 | D:5      | Reached XP level 8. HP: 53/64 MP: 7/7
  4103 | D:6      | Found a runed translucent door.
  4112 | D:6      | Noticed Tripartite's ghost (amateur FoFi)
  4260 | D:6      | Found a staircase to the Ecumenical Temple.
  4310 | Temple   | Found a transporter.
  4310 | Temple   | Found a transporter.
  4310 | Temple   | Found a transporter.
  4310 | Temple   | Found a transporter.
  4310 | Temple   | Entered the Ecumenical Temple
  4396 | D:6      | Noticed Sigmund
  4404 | D:6      | Banished Sigmund
  4532 | D:6      | Noticed Jeremiah
  4554 | D:6      | Killed Jeremiah
  4555 | D:6      | Reached XP level 9. HP: 64/70 MP: 8/8
  4848 | D:6      | Killed Tripartite's ghost
  4855 | D:6      | Reached skill level 5 in Armour
  5006 | D:7      | Found a shadowy altar of Dithmenos.
  5082 | D:7      | Noticed Maurice
  5099 | D:7      | Noticed Pikel
  5106 | D:7      | Something stole an amulet of regeneration
  5107 | D:7      | Something stole 315 gold
  5109 | D:7      | Something stole 19 poisoned darts
  5115 | D:7      | Killed Pikel
  5116 | D:7      | Noticed Menkaure
  5122 | D:7      | Something stole a +1 long sword
  5126 | D:7      | Killed Menkaure
  5129 | D:7      | Killed Maurice
  5326 | D:7      | Reached skill level 10 in Armour
  5346 | D:7      | Found a hide-covered altar of Uskayaw.
  5623 | D:8      | Found a blossoming altar of Fedhas.
  5630 | D:8      | Reached XP level 10. HP: 55/77 MP: 9/9
  5769 | D:8      | Found a bloodstained altar of Trog.
  5868 | D:8      | Found a basalt altar of Yredelemnul.
  5889 | D:8      | Noticed a wizard
  5894 | D:8      | Killed a wizard
  5909 | D:8      | Became a worshipper of Yredelemnul the Dark
  5993 | D:8      | Reached * piety under Yredelemnul
  6005 | D:8      | Reached ** piety under Yredelemnul
  6212 | D:8      | Found Kets's Book Shoppe.
  6312 | D:9      | Noticed Erolcha
  6317 | D:9      | Found a staircase to the Lair.
  6414 | D:9      | Found a flagged portal.
  6422 | Bailey   | Entered a bailey
  6495 | Bailey   | Reached skill level 1 in Invocations
  6672 | Bailey   | Identified the +9 triple sword "Qiun" {speed, rF- Str+2
                  | Int+4}
  6725 | Bailey   | Reached XP level 11. HP: 56/82 MP: 12/12
  6930 | Bailey   | Identified 4 scrolls of acquirement
  6984 | D:9      | Reached skill level 5 in Invocations
  6998 | D:9      | Noticed Maggie
  7012 | D:9      | Killed Maggie
  7052 | D:9      | Killed Erolcha
  7113 | D:9      | Your ally Erolcha died
  7326 | D:9      | Noticed a centaur warrior
  7339 | D:9      | Banished a centaur warrior
  7340 | D:9      | Reached skill level 5 in Long Blades
  7355 | D:9      | Noticed a boulder beetle
  7364 | D:9      | Banished a boulder beetle
  7367 | D:9      | Acquired 1268 gold pieces
  7368 | D:9      | Acquired the +6 demon blade of Laceration {flame, rElec rF+
                  | rCorr Int+2}
  7370 | D:9      | Acquired 737 gold pieces
  7373 | D:9      | Acquired a manual of Invocations
  7552 | D:10     | Entered Level 10 of the Dungeon
  7577 | D:10     | Found Loifov's Antique Armour Emporium.
  7580 | D:10     | Bought a runed scarf for 152 gold pieces
  7580 | D:10     | Bought a pair of runed boots for 142 gold pieces
  7580 | D:10     | Bought a distressingly furry cloak for 180 gold pieces
  7580 | D:10     | Identified the +1 cloak "Huzirgh" {Will+} (You bought it in
                  | a shop on level 10 of the Dungeon)
  7869 | D:10     | Reached skill level 10 in Invocations
  8160 | D:10     | Found a runed translucent door.
  8376 | D:10     | Found a faded altar of an unknown god.
  8376 | D:10     | Found a faded altar of an unknown god.
  8378 | D:10     | Found a hazy altar of Hepliaklqana.
  8519 | D:11     | Reached XP level 12. HP: 88/90 MP: 17/19
  9365 | D:10     | Found a runed translucent gate.
  9365 | D:10     | Found a runed translucent gate.
  9365 | D:10     | Found a runed translucent gate.
  9365 | D:10     | Found a runed translucent gate.
  9365 | D:10     | Found a runed translucent gate.
  9365 | D:10     | Found a runed translucent gate.
  9365 | D:10     | Noticed a boulder beetle
  9365 | D:10     | Noticed a boulder beetle
  9384 | D:10     | Banished a boulder beetle
  9386 | D:10     | Killed a boulder beetle
  9841 | D:12     | Found a staircase to the Orcish Mines.
  9921 | D:12     | Reached *** piety under Yredelemnul
  9922 | D:12     | Reached skill level 15 in Invocations
  9927 | D:12     | Reached **** piety under Yredelemnul
  9964 | D:12     | Reached ***** piety under Yredelemnul
 10046 | D:12     | Noticed a boulder beetle
 10060 | D:12     | Killed a boulder beetle
 10413 | D:12     | Noticed a centaur warrior
 10427 | D:12     | Killed a centaur warrior
 10929 | D:13     | Reached skill level 10 in Long Blades
 11143 | D:13     | Reached XP level 13. HP: 95/95 MP: 23/23
 11996 | D:14     | Found a gate to the Vaults.
 12650 | Orc:1    | Entered Level 1 of the Orcish Mines
 12694 | Orc:2    | Entered Level 2 of the Orcish Mines
 12760 | Orc:2    | Noticed Nessos
 12771 | Orc:2    | Killed Nessos
 12961 | Orc:2    | Reached skill level 15 in Armour
 12965 | Orc:2    | Noticed an orc warlord
 13001 | Orc:2    | HP: 3/84 [orc priest/divine providence (11)]
 13012 | Orc:2    | HP: 3/126 [hellwing[an orc high priest] (5)]
 13012 | Orc:2    | HP: 1/126 [soul eater[an orc high priest] (2)]
 13022 | Orc:2    | HP: 3/118 [orc warrior/+0 halberd (12)]
 13022 | Orc:2    | Mangled by a hellwing

Illustrated notes

Levels and vault maps discovered:
D:1:      ncdulo_watergridlock, layout_basic, minmay_lizard_king
D:2:      layout_loops_corners, chequers_ecumenical_altar_simple, uniq_terence
D:3:      layout_basic, cheibrodos_worm_habitat, ashenzari_altar_1,
          nicolae_twisty_statue_hallways, uniq_robin, uniq_crazy_yiuf_cottage
D:4:      layout_cave_pools, lemuel_crystal_altar,
          nicolae_qazlal_scattered_showers, chequers_avenue
D:5:      layout_loops_ring, elyvilon_altar_4
D:6:      layout_loops_ring, minmay_temple_entry_gardened_gates,
          ebering_ghost_inner_flame, hangedman_abyss_or_decor_stagger,
          uniq_jeremiah, uniq_sigmund
D:7:      layout_cave_pools, mainiacjoe_overflow_alcove_4,
          mainiacjoe_overflow_tiny_flanked, uniq_maurice, uniq_pikel,
          uniq_menkaure
D:8:      layout_rooms, trog_wizard, old_standard_altar,
          fedhas_bush_and_centaur_altar, serial_aquarium,
          aquarium_bridge_straight [aquarium_subvault_bridge,
          aquarium_subvault_balcony, aquarium_subvault_bridge,
          aquarium_subvault_wall], aquarium_window_corridor_1,
          aquarium_window_1, aquarium_window_fake, aquarium_window_fake,
          aquarium_view_2c, aquarium_balcony_5a, nicolae_take_the_stairs
D:9:      layout_rooms, minmay_lair_entry_grove, enter_bailey_4,
          minmay_pinched_square, uniq_maggie, uniq_erolcha
D:10:     gammafunk_indiana_jones, layout_basic,
          nicolae_hepliaklqana_ecumenical_no_more, serial_shops,
          nicolae_shop_behind_doors
D:11:     layout_irregular_city
D:12:     layout_basic, zombieorc1_lemuel, minmay_stone_trees_small
D:13:     layout_roguey
D:14:     layout_stronghold, david_vaults_1
Temple:   hellmonk_temple_divided_pantheon
Orc:1:    layout_diamond_mine
Orc:2:    st_orc_congregation, layout_caves, maelrawn_ghost_gauntlet_escape,
          uniq_nessos, uniq_jorgrun

Skill      XL: |  1  2  3  4  5  6  7  8  9 10 11 12 13 |
---------------+----------------------------------------+-----
Dodging        | 1 3 |  3.0
Shields        | 4 5 |  5.0
Throwing       | 2 4 6 |  6.0
Evocations     | 1 2 |  2.0
Short Blades   | 5 9 |  9.8
Armour         | 4 10 14 15 | 15.2
Invocations    | 3 10 15 | 15.0
Long Blades    | 6 10 12 | 12.3
Fighting       | |  3.6

Action                     |  1- 3 |  4- 6 |  7- 9 | 10-12 | 13-15 || total
---------------------------+-------+-------+-------+-------+-------++-------
  Melee: Long sword        |   112 |    60 |       |       |       ||   172
         Headbutt          |    12 |    18 |    34 |   160 |    38 ||   262
         Dagger            |       |    39 |   205 |   539 |       ||   783
         Demon blade       |       |       |       |   136 |   122 ||   258
  Throw: Dart              |       |       |       |     4 |       ||     4
 Invoke: Recall Undead Har |       |       |       |     4 |     3 ||     7
         Bind Soul         |       |       |       |       |     1 ||     1
  Evoke: Wand              |       |     2 |     1 |     5 |     1 ||     9
    Use: Scroll            |     1 |     8 |     5 |    28 |     4 ||    46
         Potion            |       |       |     2 |     1 |     9 ||    12
   Stab: Distracted        |       |       |       |     4 |     2 ||     6
 Armour: Scale mail        |    79 |     3 |       |       |       ||    82
         Chain mail        |       |    53 |    79 |   224 |       ||   356
         Plate armour      |       |       |       |   349 |   110 ||   459
         Skin              |       |       |       |       |    45 ||    45
  Dodge: Dodged            |    57 |    68 |    89 |   311 |    59 ||   584
  Block: Buckler           |    37 |    26 |    39 |   164 |    38 ||   304
